General information
- name: BNet
- type: Ladder team game (AT/RT)
- host: Battle.net
- saver: h888thismap
map: HurricaneIsle
- players: 8
- length: 33:28
- speed: Fast
- version: 1.24 W3XP
- replay type: Public
» download(142 KB)
Players
team 1 (loser)
cahaz (
green | 37 APM | 1052 actions | 28:41)
4 Demon Hunter
2 Mana Burn
2 Evasion
2 Priestess of the Moon
1 Scout
1 Trueshot Aura
2 Keeper of the Grove
1 Entangling Roots
1 Thorns Aura
» actions
| Assign group hotkey | 45 | |
| Build / train | 113 | |
| Enter build submenu | 35 | |
| Enter hero's abilities submenu | 8 | |
| Remove unit from queue | 1 | |
| Right click | 318 | |
| Select / deselect | 364 | |
| Select group hotkey | 116 | |
| Use ability | 50 | |
1052 total
» units
| Wisp | 33 | |
| Huntress | 6 | |
| Goblin Sapper | 1 | |
| Goblin Zeppelin | 3 | |
| Chimaera | 13 | |
| Hippogryph | 34 | |
90 total
» upgrades
| Nature's Blessing | 1 | |
| Strength of the Wild | 3 | |
| Reinforced Hides | 3 | |
| Corrosive Breath | 1 | |
8 total
» buildings
| Altar of Elders | 1 | |
| Moon Well | 7 | |
| Hunter's Hall | 1 | |
| Ancient of War | 2 | |
| Tree of Ages | 1 | |
| Tree of Life | 2 | |
| Tree of Eternity | 1 | |
| Ancient of Wind | 3 | |
| Ancient Protector | 13 | |
| Chimaera Roost | 2 | |
| Ancient of Wonders | 1 | |
34 total
» build order
00:07 Altar of Elders
00:11 Moon Well
01:24 Hunter's Hall
01:46 Moon Well
02:02 Ancient of War
03:15 Moon Well
04:10 Tree of Ages
04:29 Moon Well
05:45 Ancient of War
06:32 Tree of Life
06:41 Tree of Life
06:43 Tree of Eternity
06:45 Ancient of Wind
08:32 Ancient Protector
08:34 Ancient Protector
08:36 Ancient Protector
08:39 Ancient Protector
09:21 Chimaera Roost
09:53 Ancient Protector
10:08 Chimaera Roost
10:17 Ancient of Wonders
10:41 Ancient Protector
11:19 Ancient Protector
11:22 Ancient Protector
11:28 Ancient Protector
13:32 Ancient of Wind
13:39 Ancient Protector
13:42 Ancient Protector
15:38 Ancient of Wind
16:41 Moon Well
16:46 Moon Well
19:10 Moon Well
22:42 Ancient Protector
23:00 Ancient Protector
» items
Nightmar3. (
pink | 22 APM | 690 actions | 31:01)
7 Archmage
3 Summon Water Elemental
3 Brilliance Aura
1 Mass Teleport
» actions
| Assign group hotkey | 1 | |
| Build / train | 72 | |
| Enter build submenu | 19 | |
| Enter hero's abilities submenu | 7 | |
| Give item / drop item | 2 | |
| Right click | 299 | |
| Select / deselect | 222 | |
| Select group hotkey | 13 | |
| Use ability | 55 | |
690 total
» units
| Peasant | 10 | |
| Goblin Shredder | 1 | |
| Gryphon Rider | 14 | |
| Flying Machine | 13 | |
| Goblin Zeppelin | 2 | |
| Siege Engine | 5 | |
45 total
» upgrades
| Gunpowder | 3 | |
| Plating | 3 | |
| Flying Machine Bombs | 1 | |
| Flak Cannons | 1 | |
| Swords | 3 | |
| Storm Hammers | 1 | |
| Armor | 2 | |
| Barrage | 1 | |
15 total
» buildings
| Farm | 16 | |
| Keep | 1 | |
| Altar of Kings | 1 | |
| Castle | 1 | |
| Blacksmith | 2 | |
| Lumber Mill | 4 | |
| Workshop | 4 | |
| Gryphon Aviary | 2 | |
| Town Hall | 1 | |
| Arcane Vault | 1 | |
33 total
» build order
00:20 Farm
02:34 Keep
03:22 Farm
03:46 Farm
03:48 Farm
03:50 Farm
03:52 Farm
03:53 Farm
03:54 Farm
03:56 Farm
03:57 Farm
03:58 Farm
03:59 Farm
04:00 Farm
04:01 Farm
05:02 Altar of Kings
05:33 Castle
05:52 Blacksmith
05:58 Blacksmith
06:18 Lumber Mill
06:23 Lumber Mill
06:30 Lumber Mill
06:37 Lumber Mill
07:33 Workshop
07:43 Workshop
08:47 Workshop
08:53 Workshop
09:19 Gryphon Aviary
10:37 Farm
10:38 Farm
12:50 Town Hall
21:06 Arcane Vault
27:03 Gryphon Aviary
» items
| Scroll of Town Portal | 1 | |
| Lesser Clarity Potion | 1 | |
2 total

»
Tommy (
orange | 33 APM | 1101 actions | 33:26)
5 Tauren Chieftain
3 Endurance Aura
1 Shockwave
1 War Stomp
4 Blademaster
2 Critical Strike
1 Wind Walk
1 Mirror Image
4 Goblin Tinker
2 Pocket Factory
2 Engineering Upgrade
» actions
| Assign group hotkey | 3 | |
| Basic commands | 26 | |
| Build / train | 97 | |
| Enter build submenu | 20 | |
| Enter hero's abilities submenu | 14 | |
| Give item / drop item | 12 | |
| Right click | 426 | |
| Select / deselect | 446 | |
| Select group hotkey | 3 | |
| Use ability | 54 | |
1101 total
» units
| Peon | 16 | |
| Grunt | 6 | |
| Goblin Zeppelin | 3 | |
| Wind Rider | 19 | |
| Raider | 4 | |
| Kodo Beast | 1 | |
| Shaman | 3 | |
| Demolisher | 1 | |
53 total
» upgrades
| Pillage | 1 | |
| Melee Weapons | 3 | |
| Armor | 3 | |
| Berserker Strength | 1 | |
| Backpack | 1 | |
| Ranged Weapons | 3 | |
| Shaman Training | 2 | |
| Envenomed Spears | 1 | |
| Ensnare | 1 | |
| Burning Oil | 1 | |
17 total
» buildings
| Barracks | 2 | |
| Altar of Storms | 1 | |
| Orc Burrow | 8 | |
| Voodoo Lounge | 1 | |
| Great Hall | 3 | |
| Stronghold | 1 | |
| War Mill | 1 | |
| Fortress | 1 | |
| Spirit Lodge | 2 | |
| Beastiary | 2 | |
22 total
» build order
00:17 Barracks
00:25 Barracks
01:08 Altar of Storms
01:32 Orc Burrow
02:27 Orc Burrow
03:16 Orc Burrow
04:30 Orc Burrow
05:40 Orc Burrow
05:46 Voodoo Lounge
06:40 Great Hall
07:12 Stronghold
07:31 War Mill
09:39 Fortress
12:40 Spirit Lodge
12:44 Spirit Lodge
15:37 Beastiary
15:41 Beastiary
16:29 Great Hall
20:08 Orc Burrow
20:11 Orc Burrow
20:45 Orc Burrow
24:31 Great Hall
» items
| Scroll of Speed | 1 | |
| Healing Salve | 3 | |
| Periapt of Vitality | 1 | |
| Boots of Speed | 1 | |
| Circlet of Nobility | 1 | |
| Ankh of Reincarnation | 1 | |
| Orb of Lightning | 1 | |
9 total
Charro (
purple | 23 APM | 665 actions | 28:23)
4 Archmage
2 Summon Water Elemental
1 Brilliance Aura
1 Blizzard
1 Mountain King
1 Storm Bolt
» actions
| Build / train | 64 | |
| Enter build submenu | 24 | |
| Enter hero's abilities submenu | 5 | |
| Give item / drop item | 3 | |
| Right click | 254 | |
| Select / deselect | 272 | |
| Use ability | 43 | |
665 total
» units
| Peasant | 6 | |
| Footman | 7 | |
| Rifleman | 4 | |
| Goblin Shredder | 1 | |
| Gryphon Rider | 6 | |
| Goblin Zeppelin | 5 | |
| Knight | 2 | |
| Dragonhawk Rider | 10 | |
| Siege Engine | 4 | |
45 total
» upgrades
| Storm Hammers | 1 | |
| Long Rifles | 1 | |
| Animal War Training | 1 | |
| Armor | 2 | |
| Swords | 2 | |
| Cloud | 1 | |
| Barrage | 1 | |
9 total
» buildings
| Altar of Kings | 1 | |
| Barracks | 1 | |
| Farm | 13 | |
| Lumber Mill | 1 | |
| Blacksmith | 1 | |
| Keep | 1 | |
| Castle | 1 | |
| Gryphon Aviary | 2 | |
| Town Hall | 1 | |
| Arcane Vault | 1 | |
| Workshop | 2 | |
25 total
» build order
00:15 Altar of Kings
00:23 Barracks
00:31 Farm
01:07 Lumber Mill
01:39 Farm
02:19 Blacksmith
02:28 Farm
03:10 Farm
03:26 Keep
03:57 Farm
04:38 Farm
05:58 Castle
06:06 Farm
07:25 Gryphon Aviary
07:41 Gryphon Aviary
08:23 Farm
08:45 Town Hall
10:18 Farm
11:00 Farm
11:59 Farm
13:19 Farm
14:15 Arcane Vault
15:02 Farm
18:36 Workshop
18:42 Workshop
» items
team 2 (winner)
Knivs (
red | 74 APM | 398 actions | 05:22)
1 Warden
1 Fan of Knives
» actions
| Build / train | 16 | |
| Enter build submenu | 13 | |
| Enter hero's abilities submenu | 1 | |
| Right click | 233 | |
| Select / deselect | 104 | |
| Use ability | 31 | |
398 total
» units
» buildings
| Altar of Elders | 2 | |
| Moon Well | 4 | |
| Ancient of War | 2 | |
| Ancient of Wonders | 1 | |
| Tree of Ages | 1 | |
10 total
» build order
00:04 Altar of Elders
00:22 Altar of Elders
00:35 Moon Well
01:10 Moon Well
01:41 Ancient of War
01:57 Ancient of War
02:10 Ancient of Wonders
02:18 Moon Well
02:50 Moon Well
03:47 Tree of Ages
h888thismap (
yellow | 76 APM | 2547 actions | 33:28)
8 Blademaster
3 Wind Walk
3 Critical Strike
1 Bladestorm
1 Mirror Image
9 Death Knight
3 Death Coil
3 Unholy Aura
1 Animate Dead
2 Death Pact
4 Warden
1 Blink
3 Shadow Strike
» actions
| Assign group hotkey | 89 | |
| Basic commands | 57 | |
| Build / train | 196 | |
| ESC pressed | 7 | |
| Enter build submenu | 55 | |
| Enter hero's abilities submenu | 24 | |
| Give item / drop item | 8 | |
| Right click | 747 | |
| Select / deselect | 507 | |
| Select group hotkey | 603 | |
| Use ability | 254 | |
2547 total
» units
| Peon | 22 | |
| Ghoul | 12 | |
| Acolyte | 5 | |
| Crypt Fiend | 8 | |
| Troll Batrider | 30 | |
| Hippogryph | 24 | |
| Goblin Zeppelin | 9 | |
| Frost Wyrm | 3 | |
| Goblin Shredder | 1 | |
| Wisp | 5 | |
119 total
» upgrades
| Web | 1 | |
| Nature's Blessing | 1 | |
| Strength of the Wild | 3 | |
| Reinforced Hides | 2 | |
| Creature Attack | 1 | |
| Creature Carapace | 1 | |
| Reinforced Defenses | 1 | |
| Liquid Fire | 2 | |
| Well Spring | 1 | |
13 total
» buildings
| Altar of Storms | 2 | |
| Orc Burrow | 12 | |
| Voodoo Lounge | 2 | |
| Graveyard | 1 | |
| Ziggurat | 9 | |
| Crypt | 1 | |
| War Mill | 3 | |
| Stronghold | 4 | |
| Halls of the Dead | 2 | |
| Tomb of Relics | 2 | |
| Great Hall | 4 | |
| Beastiary | 7 | |
| Fortress | 3 | |
| Necropolis | 2 | |
| Black Citadel | 2 | |
| Tree of Eternity | 1 | |
| Ancient of Wind | 3 | |
| Spirit Tower | 2 | |
| Sacrificial Pit | 1 | |
| Hunter's Hall | 1 | |
| Boneyard | 3 | |
| Tree of Life | 1 | |
| Moon Well | 5 | |
73 total
» build order
00:08 Altar of Storms
00:11 Orc Burrow
01:02 Voodoo Lounge
01:31 Graveyard
01:37 Ziggurat
01:38 Crypt
01:43 War Mill
02:26 Ziggurat
02:52 Stronghold
03:09 Stronghold
03:14 Orc Burrow
03:15 Altar of Storms
04:14 Halls of the Dead
04:32 War Mill
04:33 War Mill
05:22 Tomb of Relics
05:47 Voodoo Lounge
06:00 Great Hall
06:03 Beastiary
06:04 Beastiary
06:04 Beastiary
06:05 Beastiary
06:07 Orc Burrow
06:08 Orc Burrow
06:08 Orc Burrow
06:17 Fortress
06:25 Necropolis
06:41 Black Citadel
06:41 Black Citadel
06:50 Orc Burrow
07:06 Ziggurat
07:06 Ziggurat
07:06 Ziggurat
07:17 Tree of Eternity
07:19 Ancient of Wind
07:19 Ancient of Wind
07:20 Ancient of Wind
07:41 Spirit Tower
07:42 Ziggurat
07:43 Ziggurat
09:34 Sacrificial Pit
09:35 Ziggurat
09:36 Ziggurat
10:06 Spirit Tower
10:12 Hunter's Hall
11:18 Boneyard
11:19 Boneyard
11:20 Boneyard
11:25 Orc Burrow
11:26 Orc Burrow
11:26 Orc Burrow
11:27 Orc Burrow
11:27 Orc Burrow
11:28 Orc Burrow
11:30 Beastiary
11:30 Beastiary
11:30 Beastiary
12:17 Great Hall
13:18 Tree of Life
14:00 Fortress
14:01 Fortress
14:07 Moon Well
14:07 Moon Well
14:08 Moon Well
14:09 Moon Well
26:42 Necropolis
29:12 Halls of the Dead
30:54 Tomb of Relics
33:02 Great Hall
33:07 Great Hall
» items
| Lesser Clarity Potion | 7 | |
| Healing Salve | 4 | |
| Scroll of Town Portal | 5 | |
| Rod of Necromancy | 1 | |
| Orb of Lightning | 2 | |
| Orb of Corruption | 1 | |
20 total
Lucisferre (
blue | 19 APM | 27 actions | 01:26)
» actions
| Build / train | 2 | |
| ESC pressed | 1 | |
| Enter build submenu | 3 | |
| Right click | 7 | |
| Select / deselect | 11 | |
| Use ability | 3 | |
27 total
» units
» buildings
| Altar of Darkness | 1 | |
| Ziggurat | 1 | |
| Crypt | 1 | |
3 total
» build order
00:08 Altar of Darkness
00:13 Ziggurat
00:39 Crypt
bine (
teal | 22 APM | 54 actions | 02:29)
» actions
| Build / train | 6 | |
| Remove unit from queue | 1 | |
| Right click | 33 | |
| Select / deselect | 13 | |
| Use ability | 1 | |
54 total
» units
Chat log
(00:48 / Allies) h888thismap: lol
(00:54 / Allies) Lucisferre: hey bine, you there?
(01:04 / All) bine: ya
(01:08 / Allies) Lucisferre: START MINING
(01:09 / Allies) h888thismap: hes a jokester
(01:12 / Allies) h888thismap: or he wouldnt be chatting to all
(01:22 / Allies) Lucisferre: meh abandoning then
(01:43 / All) cahaz: never played a full game on that map before someone quit
(01:57 / All) h888thismap: DROP
(02:29 / All) h888thismap: DROP
(02:40 / Allies) Knivs: r u staying?
(28:25 / All) h888thismap: 1v4?
(28:29 / All) h888thismap: easy rape?
(28:38 / All) cahaz: yes, bunch of faggot
(28:40 / All) h888thismap: 1v4?
(28:41 / All) h888thismap: easy?
(31:03 / All) h888thismap: raped
(31:04 / All) h888thismap: 1v4
(31:05 / All) h888thismap: rofl
(31:06 / All) h888thismap: joke
(32:18 / All) h888thismap: better get some more boats
(32:19 / All) h888thismap: LOL!
(32:31 / All) Tommy: well played
(32:43 / All) h888thismap: wish i could sya the same